[Event "USA Junior-ch 2022"]
[Site "Saint Louis"]
[Date "2022.07.15"]
[Round "8.3"]
[White "Wang, Justin"]
[Black "Yip, Carissa"]
[Result "1/2-1/2"]
[ECO "C84"]
[WhiteElo "2469"]
[BlackElo "2416"]
[Annotator "ChessBase"]
[PlyCount "88"]
[EventDate "2022.07.07"]
[EventType "tourn"]
[EventCountry "USA"]
[SourceTitle "playchess.com"]
[Source "ChessBase"]
[SourceQuality "1"]
[TimeControl "40/5400+30:1800+30"]

1. e4 e5 2. Nf3 Nc6 3. Bb5 a6 4. Ba4 Nf6 5. d4 exd4 6. O-O Be7 7. e5 Ne4 8. Nxd4 Nxd4 9. Qxd4 Nc5 10. Nc3 O-O 11. Rd1 d6 12. exd6 Bxd6 13. Bb3 Nxb3 14. cxb3 Qe7 15. Nd5 Qe5 16. Bf4 Qxd4 17. Rxd4 Bxf4 18. Nxf4 c6 19. Rad1 Bf5 20. f3 Rae8 21. Kf2 f6 22. b4 Rf7 23. R1d2 Rfe7 24. g4 Bc8 25. Nd3 Rd7 26. Rxd7 Bxd7 27. Nc5 Bc8 28. a4 Kf8 29. a5 Ke7 30. Rd4 Rd8 31. Ke3 Rh8 32. Re4+ Kf7 33. f4 f5 34. gxf5 Bxf5 35. Re5 Bc8 36. Ne4 Rd8 37. Ng5+ Kg6 38. Re7 Bf5 39. Nf3 Rd3+ 40. Ke2 Rb3 41. Ne5+ Kf6 42. Rxb7 g5 43. Nd7+ Bxd7 44. Rxd7 gxf4 1/2-1/2

[Event "USA Junior-ch 2022"]
[Site "Saint Louis"]
[Date "2022.07.15"]
[Round "8.4"]
[White "Yoo, Christopher Woojin"]
[Black "Mishra, Abhimanyu"]
[Result "1-0"]
[ECO "D02"]
[WhiteElo "2550"]
[BlackElo "2553"]
[Annotator "ChessBase"]
[PlyCount "111"]
[EventDate "2022.07.07"]
[EventType "tourn"]
[EventCountry "USA"]
[SourceTitle "playchess.com"]
[Source "ChessBase"]
[SourceQuality "1"]
[TimeControl "40/5400+30:1800+30"]

1. d4 d5 2. Nf3 Nf6 3. Bf4 c5 4. e3 Nc6 5. Nbd2 Qb6 6. dxc5 Qxb2 7. c4 Bf5 8. g4 Be4 9. Bg2 g5 10. Bxg5 O-O-O 11. O-O Nxg4 12. Qa4 Qb4 13. Qxb4 Nxb4 14. Nxe4 dxe4 15. Nd4 Rg8 16. Bh4 Rd7 17. Rab1 e5 18. Nf5 Nd3 19. c6 bxc6 20. Kh1 Nc5 21. f3 exf3 22. Bxf3 Rg6 23. Bg3 Bd6 24. Bxc6 Rd8 25. Bd5 Nh6 26. Nxd6+ Rdxd6 27. Bxe5 Rb6 28. Rxb6 axb6 29. Bxf7 Nxf7 30. Rxf7 Ne4 31. Rf4 Nd2 32. Bc3 Rd6 33. Bb4 Rd3 34. Kg2 Nb1 35. Kf2 Nc3 36. Rd4 Nd1+ 37. Ke2 Rxd4 38. exd4 Nb2 39. c5 bxc5 40. dxc5 Kd7 41. Bc3 Nc4 42. Kd3 Na3 43. Bb4 Nb5 44. a4 Nc7 45. Ba5 Ne6 46. Bb6 Kc6 47. Kc4 Nf4 48. a5 Nd5 49. Kd4 Nb4 50. Ke4 Kb5 51. h4 Nc6 52. h5 Nb4 53. h6 Na2 54. Kf5 Nc3 55. Ke5 Ne2 56. Kf6 1-0

[Event "USA Junior-ch 2022"]
[Site "Saint Louis"]
[Date "2022.07.15"]
[Round "8.5"]
[White "Daggupati, Balaji"]
[Black "Jacobson, Brandon"]
[Result "1-0"]
[ECO "C70"]
[WhiteElo "2488"]
[BlackElo "2544"]
[Annotator "ChessBase"]
[PlyCount "67"]
[EventDate "2022.07.07"]
[EventType "tourn"]
[EventCountry "USA"]
[SourceTitle "playchess.com"]
[Source "ChessBase"]
[SourceQuality "1"]
[TimeControl "40/5400+30:1800+30"]

1. e4 e5 2. Nf3 Nc6 3. Bb5 a6 4. Ba4 g6 5. d4 exd4 6. Nxd4 Na5 7. Nb3 Nc6 8. Bxc6 bxc6 9. Qd4 f6 10. O-O Bg7 11. Nc3 Qe7 12. Qa4 Nh6 13. Bf4 Ra7 14. Be3 Ra8 15. Bf4 Ra7 16. Qd4 Rb7 17. Na5 Rxb2 18. Nd5 cxd5 19. Qxb2 dxe4 20. Qb8 O-O 21. Qxc7 Qe6 22. Rab1 Nf5 23. Rb6 Qe8 24. Qc4+ Qf7 25. Qxe4 Qxa2 26. Nb3 Kh8 27. Rb8 d5 28. Qxd5 Qa4 29. Qc5 Qd7 30. Re1 g5 31. Bd2 Nh4 32. Re4 Rg8 33. h3 a5 34. Re7 1-0

[Event "USA Junior-ch 2022"]
[Site "Saint Louis"]
[Date "2022.07.16"]
[Round "9.1"]
[White "Mishra, Abhimanyu"]
[Black "Brodsky, David"]
[Result "1-0"]
[ECO "B92"]
[WhiteElo "2553"]
[BlackElo "2496"]
[Annotator "ChessBase"]
[PlyCount "111"]
[EventDate "2022.07.07"]
[EventType "tourn"]
[EventCountry "USA"]
[SourceTitle "playchess.com"]
[Source "ChessBase"]
[SourceQuality "1"]
[TimeControl "40/5400+30:1800+30"]

1. e4 c5 2. Nf3 d6 3. d4 cxd4 4. Nxd4 Nf6 5. Nc3 a6 6. Be2 e5 7. Nb3 Be7 8. Be3 Be6 9. Nd5 Nbd7 10. Qd3 O-O 11. a4 Rc8 12. c4 Nc5 13. Nxc5 dxc5 14. O-O Bxd5 15. exd5 e4 16. Qd2 Bd6 17. a5 Nd7 18. f4 exf3 19. Rxf3 Qe7 20. Raf1 Ne5 21. Rh3 f5 22. Bg5 Qc7 23. Bf4 Rce8 24. Rb3 Nf7 25. Bd3 g6 26. Rb6 Qe7 27. Kh1 Bxf4 28. Qxf4 Ne5 29. Bc2 Qg7 30. Ba4 Re7 31. d6 Ref7 32. b4 g5 33. Qf2 Nxc4 34. Bb3 Nxb6 35. axb6 c4 36. Bxc4 f4 37. d7 Rd8 38. Qe2 Kf8 39. Bxf7 Qxf7 40. Qe5 Rxd7 41. Qxg5 Rd5 42. Qh6+ Kg8 43. h3 Rd4 44. Rc1 Qe7 45. Qh5 Qe6 46. Kh2 h6 47. Qf3 Qxb6 48. Rc8+ Kh7 49. Qg4 Rd8 50. Qf5+ Kg7 51. Qe5+ Kg6 52. Rc7 Rg8 53. Re7 Qd8 54. Re6+ Kf7 55. Qf5+ Kg7 56. Rg6+ 1-0

[Event "USA Junior-ch 2022"]
[Site "Saint Louis"]
[Date "2022.07.17"]
[Round "9.2"]
[White "Espinosa, Pedro"]
[Black "Hong, Andrew"]
[Result "1/2-1/2"]
[ECO "D38"]
[WhiteElo "2130"]
[BlackElo "2504"]
[Annotator "ChessBase"]
[PlyCount "155"]
[EventDate "2022.07.07"]
[EventType "tourn"]
[EventCountry "USA"]
[SourceTitle "playchess.com"]
[Source "ChessBase"]
[SourceQuality "1"]
[TimeControl "40/5400+30:1800+30"]

1. d4 Nf6 2. c4 e6 3. Nf3 d5 4. Nc3 Bb4 5. cxd5 exd5 6. Bg5 h6 7. Bh4 O-O 8. e3 Bf5 9. Be2 Nbd7 10. O-O c6 11. Qb3 Qb6 12. Nd2 Bd6 13. Rfc1 Rfe8 14. a3 Re6 15. Na4 Qc7 16. Bg3 Bxg3 17. hxg3 h5 18. Nf3 Rae8 19. Nc3 Qb8 20. Qd1 g6 21. b4 b5 22. a4 a6 23. a5 Qd6 24. Qb3 Kg7 25. Nd1 Ne4 26. Bd3 Qe7 27. Rc2 g5 28. Rac1 Rc8 29. Nd2 Nxd2 30. Rxd2 Bxd3 31. Rxd3 Rh8 32. Rdc3 Rhh6 33. Nb2 h4 34. gxh4 gxh4 35. Nd3 Reg6 36. Nf4 h3 37. Nxg6 Rxg6 38. e4 Rxg2+ 39. Kf1 Qxe4 40. Rxh3 Rg6 41. Qf3 Nf6 42. Qxe4 Nxe4 43. Ke2 Rg2 44. Rxc6 Rxf2+ 45. Ke3 Rb2 46. Rh5 Nd2 47. Rxd5 Nc4+ 48. Kf4 Rxb4 49. Rxa6 Rb1 50. Rc5 Rd1 51. d5 Rd4+ 52. Kg3 b4 53. Ra8 b3 54. a6 b2 55. Rb8 Nd2 56. a7 Ra4 57. Rcc8 Rxa7 58. Rxb2 Ne4+ 59. Kf4 Nd6 60. Rcb8 Kf6 61. R8b6 Ke7 62. Re2+ Kd7 63. Rb4 Ra5 64. Rd2 Ra1 65. Rc2 Ra5 66. Rd4 Ra1 67. Rdd2 Ra4+ 68. Kf3 Ra3+ 69. Kf4 Ra4+ 70. Kf3 Ra3+ 71. Ke2 Ne4 72. Rd3 Ra5 73. Ke3 Nf6 74. d6 Ne8 75. Rb2 Nxd6 76. Rb6 Re5+ 77. Kf4 Re6 78. Rb7+ 1/2-1/2

[Event "USA Junior-ch 2022"]
[Site "Saint Louis"]
[Date "2022.07.16"]
[Round "9.3"]
[White "Yip, Carissa"]
[Black "Yoo, Christopher Woojin"]
[Result "1/2-1/2"]
[ECO "C78"]
[WhiteElo "2416"]
[BlackElo "2550"]
[Annotator "ChessBase"]
[PlyCount "103"]
[EventDate "2022.07.07"]
[EventType "tourn"]
[EventCountry "USA"]
[SourceTitle "playchess.com"]
[Source "ChessBase"]
[SourceQuality "1"]
[TimeControl "40/5400+30:1800+30"]

1. e4 e5 2. Nf3 Nc6 3. Bb5 a6 4. Ba4 Nf6 5. O-O Bc5 6. c3 b5 7. Bb3 d6 8. d4 Bb6 9. a4 Rb8 10. a5 Ba7 11. h3 Bb7 12. Be3 Nxe4 13. Re1 Ne7 14. dxe5 Bxe3 15. Rxe3 dxe5 16. Qe2 Nc5 17. Bxf7+ Kxf7 18. Ng5+ Kg8 19. Rxe5 Nd5 20. c4 h6 21. cxd5 hxg5 22. Nd2 Qd6 23. Nf3 g4 24. Ng5 gxh3 25. b4 hxg2 26. bxc5 Bxd5 27. f3 Qxc5+ 28. Kxg2 Rh6 29. Qd3 c6 30. Rae1 Rf8 31. Re8 Rh5 32. Rxf8+ Qxf8 33. Re5 Rxg5+ 34. Rxg5 Qf4 35. Rg3 Qe5 36. Rh3 c5 37. Qh7+ Kf7 38. Qh5+ Qxh5 39. Rxh5 Ke6 40. Kf2 b4 41. Ke3 c4 42. Kd4 Bxf3 43. Re5+ Kd6 44. Rg5 c3 45. Rg6+ Kc7 46. Rxg7+ Kc6 47. Rg5 Be2 48. Rc5+ Kd6 49. Rd5+ Kc6 50. Rc5+ Kd6 51. Rd5+ Kc6 52. Rc5+ 1/2-1/2

[Event "USA Junior-ch 2022"]
[Site "Saint Louis"]
[Date "2022.07.16"]
[Round "9.4"]
[White "Jacobson, Brandon"]
[Black "Wang, Justin"]
[Result "1/2-1/2"]
[ECO "D32"]
[WhiteElo "2544"]
[BlackElo "2469"]
[Annotator "ChessBase"]
[PlyCount "75"]
[EventDate "2022.07.07"]
[EventType "tourn"]
[EventCountry "USA"]
[SourceTitle "playchess.com"]
[Source "ChessBase"]
[SourceQuality "1"]
[TimeControl "40/5400+30:1800+30"]

1. Nf3 Nf6 2. c4 e6 3. Nc3 d5 4. e3 Be7 5. b3 c5 6. Bb2 Nc6 7. cxd5 exd5 8. d4 Bg4 9. dxc5 Bxc5 10. Be2 a6 11. O-O O-O 12. Rc1 Ba7 13. h3 Bh5 14. Nh4 Bxe2 15. Nxe2 Re8 16. Nf3 Re6 17. Nfd4 Nxd4 18. Nxd4 Bxd4 19. Qxd4 Rc8 20. Qd3 Rec6 21. Rxc6 Rxc6 22. Rd1 Rd6 23. Be5 Rd7 24. Qf5 Ne4 25. Qg4 f6 26. Bd4 Kh8 27. Qf5 Rd6 28. f3 Ng3 29. Qd3 Qc8 30. b4 Rc6 31. Bc5 b6 32. Qxd5 h6 33. Qd8+ Qxd8 34. Rxd8+ Kh7 35. Bd4 Rc1+ 36. Kf2 Nh1+ 37. Ke2 Rc2+ 38. Kf1 1/2-1/2

[Event "USA Junior-ch 2022"]
[Site "Saint Louis"]
[Date "2022.07.16"]
[Round "9.5"]
[White "Liang, Awonder"]
[Black "Daggupati, Balaji"]
[Result "1/2-1/2"]
[ECO "B40"]
[WhiteElo "2625"]
[BlackElo "2488"]
[Annotator "ChessBase"]
[PlyCount "67"]
[EventDate "2022.07.07"]
[EventType "tourn"]
[EventCountry "USA"]
[SourceTitle "playchess.com"]
[Source "ChessBase"]
[SourceQuality "1"]
[TimeControl "40/5400+30:1800+30"]

1. e4 c5 2. Nf3 e6 3. g3 d5 4. d3 dxe4 5. dxe4 Qxd1+ 6. Kxd1 Nc6 7. c3 b6 8. Bb5 Bb7 9. Ke2 O-O-O 10. Bf4 h6 11. h4 Bd6 12. Bxd6 Rxd6 13. Nbd2 Nge7 14. a4 Kc7 15. Nc4 Rdd8 16. a5 Nc8 17. Rhc1 Nd6 18. Nxd6 Rxd6 19. axb6+ axb6 20. Bxc6 Bxc6 21. Ne5 Rf8 22. Ra7+ Bb7 23. Nc4 Rd7 24. e5 b5 25. Nd6 Kb6 26. Ra3 f6 27. Rca1 Rfd8 28. Ra5 fxe5 29. Rxb5+ Kc6 30. Rxb7 Rxd6 31. Rb3 Rd2+ 32. Ke3 R8d3+ 33. Ke4 c4 34. Ra6+ 1/2-1/2